 Dungeon Crawl Stone Soup version 0.30-a0-4-ga7cffc901d (webtiles) character file.

Game seed: 14174812435379221606

310 Pilot the Covered (level 6, -1/53 HPs)
             Began as a Minotaur Fighter on Aug 20, 2022.
             Killed by divine providence
             ... invoked by an orc priest
              (11 damage)
             ... on level 4 of the Dungeon.
             The game lasted 00:19:19 (2234 turns).

Pilot the Covered (Minotaur Fighter)                Turns: 2234, Time: 00:19:19

Health: -1/53      AC: 12    Str: 21    XL:     6   Next: 18%
Magic:  5/5        EV:  9    Int:  5    God:
Gold:   199        SH:  5    Dex: 11    Spells: 5/5 levels left

rFire   + . .      SeeInvis .    k - +3 short sword
rCold   . . .      Faith    .    c - +0 buckler
rNeg    . . .      Spirit   .    b - +0 scale mail
rPois   .          Reflect  .    i - +2 hat
rElec   .          Harm     .    (no cloak)
rCorr   .          Rampage  .    o - +2 pair of gloves
Will    .....                    (no boots)
Stlth   ..........               (no amulet)
HPRegen 0.17/turn                m - ring of protection from fire
MPRegen 0.09/turn                (no ring)

@: no status effects
A: horns 2, retaliatory headbutt
a: no special abilities


You were on level 4 of the Dungeon.
You visited 1 branch of the dungeon, and saw 4 of its levels.

You collected 199 gold pieces.

Inventory:

Hand Weapons
 a - a +0 long sword
 e - a +0 war axe
 g - a +0 mace
 k - a +3 short sword (weapon)
Missiles
 l - 15 stones (quivered)
 y - 5 boomerangs
Armour
 b - a +0 scale mail (worn)
 c - a +0 buckler (worn)
 f - a +0 ring mail
 i - a +2 hat (worn)
 j - a +1 helmet
 o - a +2 pair of gloves (worn)
 B - a +0 robe
Jewellery
 m - a ring of protection from fire (left hand)
Wands
 r - a wand of charming (6)
Scrolls
 h - 2 scrolls of poison {unknown}
 n - 3 scrolls of immolation {unknown}
 p - a scroll of brand weapon {unknown}
 q - 5 scrolls of identify {unknown}
 u - 2 scrolls of enchant weapon {unknown}
 v - a scroll of magic mapping {unknown}
Potions
 d - a potion of might
 s - 2 potions of brilliance {unknown}
 t - 2 potions of heal wounds {unknown}
 w - 2 potions of attraction {unknown}
 x - 2 potions of curing {unknown}
 z - a potion of lignification {unknown}
 A - a potion of magic {unknown}


   Skills:
 + Level 4.4 Fighting
 + Level 1.3(2.9) Short Blades
 + Level 4.4(4.6) Long Blades
 + Level 0.4 Throwing
 + Level 5.5 Armour
 + Level 0.7 Dodging
 + Level 0.1 Stealth
 + Level 4.9 Shields


You had 5 spell levels left.
You didn't know any spells.
Your spell library contained the following spells:

 Spells                   Type           Power      Damage    Failure   Level
 Gell's Gravitas          Tloc           0%         N/A       99%         3
 Lesser Beckoning         Tloc           0%         N/A       99%         3
 Teleport Other           Tloc           0%         N/A       99%         3


Dungeon Overview and Level Annotations

Branches:
Dungeon (4/15)
 Temple: D:4-7

Altars:


Innate Abilities, Weirdness & Mutations

You have a pair of horns on your head.
You reflexively headbutt those who attack you in melee.


Message History

The orc priest looks satisfied for a moment.
You block the orc priest's attack.
You puncture the orc priest! You headbutt the orc priest.
You kill the orc priest!
You have reached level 6!
You hit the orc priest but do no damage.
You block the orc priest's attack.
You hit the orc priest.
The orc priest is lightly wounded.
The orc priest hits you with a +0 mace.
You hit the orc priest but do no damage.
Your headbutt misses the orc priest.
The orc priest is lightly wounded.
The orc priest barely misses you.
You completely miss the orc priest. Your headbutt misses the orc priest.
The orc priest is lightly wounded.
The orc priest barely misses you. You furiously retaliate!
You headbutt the orc priest. You hit the orc priest.
You headbutt the orc priest.
You kill the orc priest!
The orc priest invokes the aid of Beogh against you.
Beogh smites you!
* * * LOW HITPOINT WARNING * * *
The orc priest hits you with a +0 whip.
* * * LOW HITPOINT WARNING * * *
Things that are here:
a +0 mace; a +0 club; an orc corpse You barely miss the orc priest.
You headbutt the orc priest, but do no damage.
The orc priest hits you but does no damage.
You hit the orc priest but do no damage.
You headbutt the orc priest.
The orc priest is lightly wounded.
The orc priest hits you with a +0 whip.
* * * LOW HITPOINT WARNING * * *
You barely miss the orc priest.
The orc priest is lightly wounded.
The orc priest mumbles some strange prayers to Beogh against you.
Beogh smites you!
You die...

#..# #.##
#.# ##.#
#.## #.#
##.# #)##
#####@#
####....o#
.........##
..####....##
## #.....#
##. #.....##
#.. #......#
##..
##.....##
#...
#......#
#...


You could see an orc priest.

Vanquished Creatures
  A black bear (D:4)
  2 orc priests (D:4)
  An iguana (D:4)
  5 gnolls
  2 adders
  2 worms
  2 dart slugs
  3 orcs
  3 bats (D:1)
  5 endoplasms
  A giant cockroach (D:1)
  3 goblins
  5 hobgoblins
  7 kobolds
  4 quokkas
  8 ball pythons
  3 frilled lizards (D:3)
  A rat (D:2)
58 creatures vanquished.

Notes
Turn   | Place    | Note
-------+----------+-------------------------------------------
     0 | D:1      | Pilot the Minotaur Fighter began the quest for the Orb.
     0 | D:1      | Reached XP level 1. HP: 19/19 MP: 0/0
   103 | D:1      | Reached XP level 2. HP: 27/27 MP: 1/1
   110 | D:1      | Reached skill level 4 in Armour
   261 | D:1      | Reached XP level 3. HP: 30/33 MP: 2/2
  1040 | D:3      | Reached XP level 4. HP: 20/40 MP: 3/3
  2066 | D:4      | Reached XP level 5. HP: 40/46 MP: 4/4
  2081 | D:4      | Noticed a black bear
  2089 | D:4      | Killed a black bear
  2090 | D:4      | Reached skill level 1 in Short Blades
  2090 | D:4      | Reached skill level 5 in Armour
  2226 | D:4      | Reached XP level 6. HP: 28/53 MP: 5/5
  2234 | D:4      | Killed from afar by an orc priest

Illustrated notes

Levels and vault maps discovered:
D:1:      co_arrival_square_in_a_square_in_a_square, layout_rooms,
          minmay_hedge_maze
D:2:      layout_rooms
D:3:      layout_loops_ring
D:4:      layout_cave_pods, temple_fountains, uniq_edmund

Skill      XL: |  1  2  3  4  5 |
---------------+----------------+-----
Fighting       | 4 |  4.4
Armour         | 4 5 |  5.5
Shields        | 4 |  4.9
Long Blades    | 3 4 |  4.4
Short Blades   | 1 |  1.3
Throwing       | |  0.4
Dodging        | |  0.7
Stealth        | |  0.1

Action                   |  1- 3 |  4- 6 || total
-------------------------+-------+-------++-------
Melee: Long sword        |    73 |     4 ||    77
       Headbutt          |     9 |    16 ||    25
       Short sword       |       |    70 ||    70
Throw: Stone             |     1 |       ||     1
       Boomerang         |       |     4 ||     4
Armor: Scale mail        |    41 |    28 ||    69
Dodge: Dodged            |    31 |    35 ||    66
Block: Buckler           |    21 |    17 ||    38

Table legend: (Time is in decaauts)
 A = Elapsed time spent in this place.
 B = Non-inter-level travel time spent in this place.
 C = Inter-level travel time spent in this place.
 D = Time resting spent in this place.
 E = Time spent auto-exploring this place.
 F = Levels seen in this place.
 G = Mean time per level.
                   A        B        C        D        E       F      G
               +--------+--------+--------+--------+--------+-----+--------+
         Total |   2258 |    795 |   1463 |      0 |      0 |   4 |  564.5 |
       Dungeon |   2258 |    795 |   1463 |      0 |      0 |   4 |  564.5 |
               +--------+--------+--------+--------+--------+-----+--------+

Top non-repeatable levels by time:
     D:3: 843 daAuts
     D:2: 700 daAuts
     D:1: 411 daAuts
     D:4: 301 daAuts
